 Dungeon Crawl Stone Soup version 0.29-a0-330-g52719c12eb (webtiles) character file.

Game seed: 17254432008812980492

1652 kae the Firebug (level 8, 0/57 HPs)
             Began as a Demigod Fire Elementalist on May 19, 2022.
             Killed by divine providence
             ... invoked by an orc priest
              (13 damage)
             ... on level 5 of the Dungeon.
             The game lasted 00:04:15 (5285 turns).

kae the Firebug (Demigod Fire Elementalist)         Turns: 5285, Time: 00:04:16

Health: 0/57       AC:  3    Str: 17    XL:     8   Next: 40%
Magic:  17/18      EV: 12    Int: 25    God:
Gold:   220        SH:  0    Dex: 14    Spells: 6/15 levels left

rFire   + + .      SeeInvis .   i - +1 short sword (drain)
rCold   x . .      Faith    .   (no shield)
rNeg    . . .      Spirit   .   y - +0 robe of the Beggar {rCorr Str+6 Stlth- Archmagi}
rPois   .          Reflect  .   (no helmet)
rElec   .          Harm     .   (no cloak)
rCorr   +          Rampage  .   q - +0 pair of gloves
Will    +....      Archmagi +   (no boots)
Stlth   +.........              e - amulet of magic regeneration
HPRegen 0.19/turn               h - ring of protection from fire
MPRegen 0.56/turn               n - ring of fire

@: lethally poisoned (0 -> -10), about to teleport, very slightly contaminated
A: high MP 1, forlorn, divine attributes, strong-willed 1, strong 1, wild magic
1
a: no special abilities


You were on level 5 of the Dungeon.
You visited 1 branch of the dungeon, and saw 5 of its levels.
You also visited: Ossuary.

You collected 220 gold pieces.

Inventory:

Hand Weapons
 i - a +1 short sword of draining (weapon)
Armour
 a - a +0 robe
 q - a +0 pair of gloves (worn)
 y - the +0 robe of the Beggar (worn) {rCorr Str+6 Stlth- Archmagi}
   (You found it on level 5 of the Dungeon)

   Str:       It affects your strength (+6).
   rCorr:     It protects you from acid and corrosion.
   Archmagi:  It increases the power of your magical spells.
   Stlth:     It makes you less stealthy.
Jewellery
 e - an amulet of magic regeneration (around neck)
 h - a ring of protection from fire (left hand)
 n - a ring of fire (right hand)
 x - a ring of poison resistance
Wands
 j - a wand of polymorph (5)
 m - a wand of paralysis (8)
 v - a wand of acid (8)
Scrolls
 d - a scroll of fear {unknown}
 s - 3 scrolls of identify
 w - a scroll of magic mapping {unknown}
Potions
 b - 3 potions of magic
 c - a potion of lignification
 f - 4 potions of haste {unknown}
 g - 4 potions of brilliance
 k - a potion of flight
 l - a potion of heal wounds
 o - 2 potions of resistance
 p - a potion of curing
 r - a potion of attraction
 t - 2 potions of might


   Skills:
 - Level 1.7 Dodging
 - Level 1.7 Stealth
 + Level 4.4 Spellcasting
 * Level 6.3 Conjurations
 * Level 7.0 Fire Magic


You had 6 spell levels left.
You knew the following spells:

 Your Spells              Type           Power      Damage    Failure   Level
a - Foxfire               Conj/Fire      100%       2x1d9     1%          1
b - Scorch                Fire           100%       2d10      1%          2
c - Conjure Flame         Conj/Fire      85%        6-21      3%          3
d - Inner Flame           Hex/Fire       61%        N/A       10%         3

Your spell library contained the following spells:

 Spells                   Type           Power      Damage    Failure   Level
 Magic Dart               Conj           100%       1d8       1%          1
 Searing Ray              Conj           100%       2d8       2%          2
 Flame Wave               Conj/Fire      85%        2d15      9%          4
 Animate Skeleton         Necr           20%        N/A       13%         1
 Sublimation of Blood     Necr           10%        N/A       19%         2
 Fulminant Prism          Conj/Hex       20%        3d13      32%         4
 Gell's Gravitas          Tloc           10%        N/A       34%         3
 Lesser Beckoning         Tloc           10%        N/A       34%         3
 Teleport Other           Tloc           10%        N/A       34%         3
 Statue Form              Tmut/Erth      6%         N/A       100%        6


Dungeon Overview and Level Annotations

Branches:
Dungeon (5/15)             Temple (0/1) D:4         Ossuary (visited)


Innate Abilities, Weirdness & Mutations

You have an increased reservoir of magic. (+10% MP)
You shall have no god before yourself.
Your divine heritage dramatically boosts your attributes as you level up.
You are strong-willed. (Will+)
Your muscles are strong. (Str +2)
Your spells are a little harder to cast, but a little more powerful.


Message History

You are very lightly contaminated with residual magic.
Nothing appears to happen.
The orc priest mumbles some strange prayers to Beogh against you.
Beogh smites you!
Casting: Inner Flame (dangerous; 10% risk of failure)
Confirm with . or Enter, or press ? or * to list all spells.
You feel a strong surge of power!
You conjure some foxfire!
The foxfire hits the orc.
The orc is severely wounded.
The foxfire hits the orc.
You kill the orc!
Casting: Foxfire (safe; 1% risk of failure)
Confirm with . or Enter, or press ? or * to list all spells.
You feel a strong surge of power!
You conjure some foxfire!
The foxfire hits the orc priest.
The orc priest is moderately wounded.
The foxfire hits the orc priest!
The orc priest is almost dead.
A sky beast appears from thin air!
Reactivating autopickup.
Casting: Foxfire (safe; 1% risk of failure)
Confirm with . or Enter, or press ? or * to list all spells.
You don't know that spell.
Unknown command.
As you read the scroll of teleportation, it crumbles to dust.
You feel strangely unstable. The orc priest hits you with a +0 club.
The adder bites you.
* * * LOW HITPOINT WARNING * * *
You are poisoned.
The adder poisons you!
The sky beast flickers out of sight!
Deactivating autopickup; reactivate with Ctrl-A.
You feel sick. The adder bites you.
* * * LOW HITPOINT WARNING * * *
You are more poisoned.
The adder poisons you!
The orc priest calls upon Beogh to heal the orc priest.
The orc priest is healed somewhat.
The orc priest calls down the wrath of Beogh upon you.
Beogh smites you!
You die...

#.......).# #'#.. ...........
+..|......# #)#.. ........###
#.........# #.#.. ......ยง....
..........# #.#.#+#####......
#...##.##<# #{#.#.# #......
...##...### #)#.#.# #......
..####.## ######o#.#'## #......
.####...## #....o.#....# ###....
## #.....# ##...@S#....# #.... #
##...## ##.........######.###
####.....######...#.#.........###
#.#.......#.####..#..............
.............#.#................#
.................##########......
.............#.#.# #.###.#
#.#.......#.####.##########.#...#
####.....#### #...........#.#.###


You could see 2 orc priests and an adder.

Vanquished Creatures
  Edmund (D:5)
  2 sky beasts (D:5)
  An ogre (D:3)
  A black bear (D:4)
  2 elf zombies (Ossuary)
  A scorpion (D:4)
  7 centaur zombies (Ossuary)
  A gnoll shaman (D:4)
  A hound (D:5)
  3 human zombies (Ossuary)
  2 jellies (D:5)
  3 orc priests
  3 orc wizards (D:5)
  Natasha (thrice) (D:3)
  3 iguanas
  3 mummies (Ossuary)
  3 gnolls (D:4)
  4 adders
  A white imp (D:5)
  4 worms
  3 dart slugs
  16 orcs
  3 endoplasms
  3 giant cockroaches
  5 goblins
  10 hobgoblins
  8 jackals
  14 kobolds
  3 quokkas
  11 ball pythons
  6 bats
  6 frilled lizards
  4 rats
141 creatures vanquished.

Vanquished Creatures (collateral kills)
  12 foxfires (D:1)
12 creatures vanquished.

Vanquished Creatures (others)
  494 foxfires
494 creatures vanquished.

Grand Total: 647 creatures vanquished

Notes
Turn   | Place    | Note
-------+----------+-------------------------------------------
     0 | D:1      | kae the Demigod Fire Elementalist began the quest for the
                  | Orb.
     0 | D:1      | Reached XP level 1. HP: 14/14 MP: 5/5
    29 | D:1      | Reached skill level 1 in Conjurations
   173 | D:1      | Reached XP level 2. HP: 20/20 MP: 7/7
   175 | D:1      | Reached skill level 3 in Fire Magic
   186 | D:1      | Got the Incunabulum of Ashen Unholy Arts
   354 | D:1      | Learned a level 2 spell: Scorch
  1006 | D:2      | Reached XP level 3. HP: 23/26 MP: 4/8
  1010 | D:2      | Learned a level 3 spell: Conjure Flame
  2005 | D:3      | Noticed Natasha
  2012 | D:3      | Killed Natasha
  2013 | D:3      | Reached XP level 4. HP: 33/33 MP: 5/10
  2027 | D:3      | Noticed Natasha
  2037 | D:3      | Killed Natasha
  2181 | D:3      | Reached skill level 4 in Fire Magic
  2181 | D:3      | Reached XP level 5. HP: 38/38 MP: 11/11
  2207 | D:3      | Noticed an ogre
  2214 | D:3      | Killed an ogre
  2499 | D:3      | Noticed Natasha
  2515 | D:3      | Killed Natasha
  2697 | D:4      | Reached XP level 6. HP: 45/45 MP: 11/13
  2820 | D:4      | Reached skill level 5 in Fire Magic
  3033 | D:4      | Found a sand-covered staircase.
  3044 | Ossuary  | Entered an ossuary
  3113 | Ossuary  | Gained mutation: Your muscles are strong. (Str +2) [potion
                  | of mutation]
  3113 | Ossuary  | Gained mutation: Your spells are a little harder to cast,
                  | but a little more powerful. [potion of mutation]
  3113 | Ossuary  | Gained mutation: You are strong-willed. (Will+) [potion of
                  | mutation]
  3140 | Ossuary  | Reached XP level 7. HP: 7/50 MP: 13/15
  3364 | Ossuary  | Learned a level 3 spell: Inner Flame
  3384 | Ossuary  | Reached skill level 5 in Conjurations
  3444 | Ossuary  | Reached skill level 6 in Fire Magic
  3507 | D:4      | Found a staircase to the Ecumenical Temple.
  3828 | D:5      | Entered Level 5 of the Dungeon
  4052 | D:5      | Reached XP level 8. HP: 48/57 MP: 17/17
  4952 | D:5      | Noticed Edmund
  4969 | D:5      | Killed Edmund
  5083 | D:5      | Identified the +0 robe of the Beggar {rCorr Str+6 Stlth-
                  | Archmagi}
  5276 | D:5      | Reached skill level 7 in Fire Magic
  5285 | D:5      | Killed from afar by an orc priest

Illustrated notes

Levels and vault maps discovered:
D:1:      psy_arrival_fountain, layout_basic, dreamdust_ecumenical_altar_grove,
          minmay_misc_feat_alley, grunt_decor_resistance, minmay_hedge_maze
D:2:      layout_loops_ring
D:3:      layout_loops_ring, minmay_misc_feat_square, uniq_natasha
D:4:      minmay_spotlight, layout_basic, minmay_temple_entry_large_hall,
          nicolae_ossuary_entry_monument
D:5:      layout_basic, nicolae_figureground_sparkle, uniq_edmund

Skill      XL: |  1  2  3  4  5  6  7  8 |
---------------+-------------------------+-----
Conjurations   | 1 2 3 4 5 6 |  6.3
Fire Magic     | 3 4 5 6 7 |  7.0
Spellcasting   | 2 3 4 |  4.4
Dodging        | |  1.7
Stealth        | |  1.7

Action                   |  1- 3 |  4- 6 |  7- 9 || total
-------------------------+-------+-------+-------++-------
 Cast: Foxfire           |   115 |    91 |   102 ||   308
       Scorch            |    20 |    35 |    22 ||    77
       Conjure Flame     |       |     4 |     5 ||     9
       Inner Flame       |       |       |     5 ||     5
  Use: Scroll            |     2 |     6 |     6 ||    14
       Potion            |       |     7 |     1 ||     8
Armor: Robe              |     4 |    13 |    10 ||    27
       Skin              |       |    69 |       ||    69
Dodge: Dodged            |    17 |    44 |    36 ||    97

Table legend: (Time is in decaauts)
 A = Elapsed time spent in this place.
 B = Non-inter-level travel time spent in this place.
 C = Inter-level travel time spent in this place.
 D = Time resting spent in this place.
 E = Time spent auto-exploring this place.
 F = Levels seen in this place.
 G = Mean time per level.
                   A        B        C        D        E       F      G
               +--------+--------+--------+--------+--------+-----+--------+
         Total |   5295 |   5163 |    132 |     19 |   3987 |   6 |  882.5 |
       Dungeon |   4860 |   4728 |    132 |     19 |   3686 |   5 |  972.0 |
       Ossuary |    435 |    435 |      0 |      0 |    301 |   1 |  435.0 |
               +--------+--------+--------+--------+--------+-----+--------+

Top non-repeatable levels by time:
     D:5: 1456 daAuts
     D:1: 918 daAuts
     D:3: 909 daAuts
     D:4: 808 daAuts
     D:2: 766 daAuts
 Ossuary: 435 daAuts
